 Dungeon Crawl Stone Soup version 0.29-a0-319-gad05b8d819 (webtiles) character file.

Game seed: 7398270036265473039

125 kae the Firebug (level 5, -5/29 HPs)
             Began as a Tengu Fire Elementalist on Apr 1, 2022.
             Slain by a gnoll
             ... wielding a +0 halberd
              (13 damage)
             ... on level 4 of the Dungeon.
             The game lasted 00:01:45 (2973 turns).

kae the Firebug (Tengu Fire Elementalist)           Turns: 2973, Time: 00:01:46

Health: -5/29      AC:  3    Str:  8    XL:     5   Next: 9%
Magic:  1/9        EV: 15    Int: 17    God:
Gold:   163        SH:  0    Dex: 15    Spells: 3/9 levels left

rFire   . . .      SeeInvis .   i - +2 dagger (venom)
rCold   + . .      Faith    .   (no shield)
rNeg    + . .      Spirit   .   a - +0 robe
rPois   .          Reflect  .   (helmet restricted)
rElec   .          Harm     .   q - +0 cloak
rCorr   .          Rampage  .   (no gloves)
Will    .....                   (boots unavailable)
Stlth   ++........              (no amulet)
HPRegen 0.09/turn               d - ring of positive energy
MPRegen 0.11/turn               t - ring of protection from cold

@: flying quickly and evasively, quick
A: beak, talons 3, nimble flight
a: no special abilities


You were on level 4 of the Dungeon.
You visited 1 branch of the dungeon, and saw 4 of its levels.

You collected 163 gold pieces.

Inventory:

Hand Weapons
 c - a +0 whip
 i - a +2 dagger of venom (weapon)
Armour
 a - a +0 robe (worn)
 q - a +0 cloak (worn)
Jewellery
 d - a ring of positive energy (left hand)
 l - a ring of protection from cold
 t - a ring of protection from cold (right hand)
Wands
 v - a wand of flame (20)
Scrolls
 k - a scroll of teleportation
 m - 2 scrolls of amnesia
 p - a scroll of fear
Potions
 b - a potion of magic
 e - a potion of degeneration
 f - 2 potions of attraction {unknown}
 g - a potion of curing {unknown}
 h - 2 potions of resistance {unknown}
 j - a potion of cancellation {unknown}
 n - a potion of heal wounds {unknown}
 o - 2 potions of flight {unknown}
 r - a potion of ambrosia {unknown}
 u - a potion of haste {unknown}


   Skills:
 + Level 1.4 Fighting
 + Level 1.8 Armour
 + Level 3.0 Dodging
 - Level 2.0 Stealth
 + Level 2.5 Spellcasting
 + Level 2.7 Conjurations
 + Level 4.0 Fire Magic


You had 3 spell levels left.
You knew the following spells:

 Your Spells              Type           Power      Damage    Failure   Level
a - Foxfire               Conj/Fire      52%        2x1d6     4%          1
b - Scorch                Fire           30%        2d6       5%          2
c - Conjure Flame         Conj/Fire      13%        6-21      14%         3

Your spell library contained the following spells:

 Spells                   Type           Power      Damage    Failure   Level
 Inner Flame              Hex/Fire       8%         N/A       24%         3
 Flame Wave               Conj/Fire      13%        2d6       41%         4


Dungeon Overview and Level Annotations

Branches:
Dungeon (4/15)
 Temple: D:4-7

Altars:
Wu Jian


Innate Abilities, Weirdness & Mutations

You have a beak for a mouth.
You have claws for feet.
Your magical nature lets you fly swiftly and evasively.


Message History

The gnoll is heavily wounded.
The foxfire hits the gnoll.
The gnoll is severely wounded.
The gnoll hits you from afar with a +0 halberd!
Casting: Foxfire (safe; 4% risk of failure)
Confirm with . or Enter, or press ? or * to list all spells.
You conjure some foxfire!
The gnoll completely misses you.
The foxfire hits the orc.
The orc is moderately wounded.
The foxfire hits the orc.
The orc is almost dead.
The gnoll misses you.
Casting: Foxfire (safe; 4% risk of failure)
Confirm with . or Enter, or press ? or * to list all spells.
You don't have enough magic to cast this spell.
The orc hits you with a +0 falchion. The gnoll closely misses you.
The gnoll misses you.
The orc grunts loudly.
Casting: Foxfire (safe; 4% risk of failure)
Confirm with . or Enter, or press ? or * to list all spells.
You conjure some foxfire!
The foxfire hits the orc but does no damage.
The orc is severely wounded.
The foxfire hits the orc.
The orc is almost dead.
Casting: Foxfire (safe; 4% risk of failure)
Confirm with . or Enter, or press ? or * to list all spells.
You conjure some foxfire!
The orc closely misses you. The gnoll misses you.
The foxfire hits the orc but does no damage.
The orc is almost dead.
The foxfire hits the orc.
You kill the orc!
The gnoll hits you from afar with a +0 halberd!
* * * LOW HITPOINT WARNING * * *
Your Fire Magic skill increases to level 4!
Casting: Foxfire (safe; 4% risk of failure)
Confirm with . or Enter, or press ? or * to list all spells.
You conjure some foxfire!
The gnoll hits you from afar with a +0 halberd!
You die...

.. #..# #..# #..# #..##
#..# #..### #..# #...?.
#..# ##..... #..#
##...... ...
###..######.......
....###@vg).............
........v..........##....
#..................#####.
#[.....#..######..## ##
##.....#..# #...# #
#........# ##..#
##.......# #..## #
#..>...## ##..# ##
##.....# #<.###.


You could see a gnoll (ally target).

Vanquished Creatures
  4 adders
  2 gnolls (D:4)
  2 worms (D:2)
  4 dart slugs
  An orc (D:4)
  A ball python (D:3)
  4 endoplasms
  8 goblins
  6 hobgoblins
  6 jackals
  4 quokkas
  3 bats (D:3)
  2 frilled lizards
  3 kobolds
  A rat (D:2)
51 creatures vanquished.

Vanquished Creatures (collateral kills)
  A foxfire (D:1)
1 creature vanquished.

Vanquished Creatures (others)
  133 foxfires
  5 plants (D:1)
138 creatures vanquished.

Grand Total: 190 creatures vanquished

Notes
Turn   | Place    | Note
-------+----------+-------------------------------------------
     0 | D:1      | kae the Tengu Fire Elementalist began the quest for the
                  | Orb.
     0 | D:1      | Reached XP level 1. HP: 10/10 MP: 4/4
   164 | D:1      | Reached XP level 2. HP: 15/15 MP: 0/6
   218 | D:1      | Found a faded altar of an unknown god.
   976 | D:2      | Found an ornate altar of the Wu Jian Council.
  1036 | D:2      | Reached skill level 1 in Armour
  1036 | D:2      | Reached XP level 3. HP: 19/20 MP: 3/7
  1039 | D:2      | Learned a level 2 spell: Scorch
  1043 | D:2      | Learned a level 3 spell: Conjure Flame
  1165 | D:2      | Reached skill level 1 in Fighting
  2001 | D:3      | Reached XP level 4. HP: 25/25 MP: 6/8
  2928 | D:4      | Gained mutation: Your magical nature lets you fly swiftly
                  | and evasively. [Tengu growth]
  2928 | D:4      | Reached XP level 5. HP: 23/29 MP: 3/9
  2971 | D:4      | Reached skill level 4 in Fire Magic
  2973 | D:4      | Slain by a gnoll

Illustrated notes

Levels and vault maps discovered:
D:1:      shiori_shiawase, layout_basic,
          shapermc_ecumenical_altar_mp_urbaneastern, item_on_display_b
D:2:      layout_loops_cross, basic_altar, kennysheep_boxes
D:3:      layout_rooms
D:4:      layout_layer_cave

Skill      XL: |  1  2  3  4  5 |
---------------+----------------+-----
Armour         | 1 |  1.8
Conjurations   | 2 |  2.7
Fighting       | 1 |  1.4
Dodging        | 3 |  3.0
Fire Magic     | 4 |  4.0
Stealth        | |  2.0
Spellcasting   | |  2.5

Action                   |  1- 3 |  4- 6 || total
-------------------------+-------+-------++-------
Melee: Whip              |     1 |       ||     1
       Dagger            |    20 |    27 ||    47
       Kick              |     2 |     8 ||    10
       Peck              |     2 |     4 ||     6
 Cast: Foxfire           |    43 |    34 ||    77
  Use: Scroll            |       |     6 ||     6
 Stab: Sleeping          |     1 |       ||     1
Armor: Robe              |       |     8 ||     8
Dodge: Dodged            |    13 |    37 ||    50

Table legend: (Time is in decaauts)
 A = Elapsed time spent in this place.
 B = Non-inter-level travel time spent in this place.
 C = Inter-level travel time spent in this place.
 D = Time resting spent in this place.
 E = Time spent auto-exploring this place.
 F = Levels seen in this place.
 G = Mean time per level.
                   A        B        C        D        E       F      G
               +--------+--------+--------+--------+--------+-----+--------+
         Total |   2966 |   2834 |    132 |      0 |   2423 |   4 |  741.5 |
       Dungeon |   2966 |   2834 |    132 |      0 |   2423 |   4 |  741.5 |
               +--------+--------+--------+--------+--------+-----+--------+

Top non-repeatable levels by time:
     D:2: 1023 daAuts
     D:1: 972 daAuts
     D:3: 695 daAuts
     D:4: 275 daAuts
